 Dungeon Crawl Stone Soup version 0.30-a0-243-gaa749bd8e4 (webtiles) character file.

Game seed: 4985852992636147971

2604 Essalna the Protected (level 9, -1/126 HPs)
             Began as an Armataur Berserker on Oct 11, 2022.
             Was an Elder of Trog.
             Slain by Joseph
             ... wielding a +3 vorpal quarterstaff
              (9 damage)
             ... on level 7 of the Dungeon on Oct 12, 2022.
             The game lasted 00:09:58 (6131 turns).

Essalna the Protected (Armataur Berserker)          Turns: 6131, Time: 00:09:59

Health: -1/126     AC:  9    Str: 32    XL:     9   Next: 33%
Magic:  9/9        EV:  8    Int:  8    God:    Trog [****..]
Gold:   320        SH:  0    Dex: 10    Spells: 8/8 levels left

rFire   + . .      SeeInvis .    a - +0 whip (vamp)
rCold   . . .      Faith    .    (no shield)
rNeg    . . .      Spirit   .    F - +1 scale mail {rF+}
rPois   .          Reflect  .    (no helmet)
rElec   .          Harm     .    (no cloak)
rCorr   .          Roll     +    (no gloves)
Will    .....                    (no barding)
Stlth   ..........               (no amulet)
HPRegen 0.41/turn                x - +6 ring of strength
MPRegen 0.11/turn                (no ring)

@: berserking, very quick
A: large, rugged brown scales 3, deformed body, armoured tail, roll, long
tongue, awkward tongue
a: Renounce Religion, Berserk, Trog's Hand, Brothers in Arms


You were on level 7 of the Dungeon.
You worshipped Trog.
Trog was greatly pleased with you.
You visited 1 branch of the dungeon, and saw 7 of its levels.

You collected 320 gold pieces.

Inventory:

Hand Weapons
 a - a +0 vampiric whip (weapon)
 b - a +1 whip of electrocution
 m - a +2 whip of venom
Armour
 F - a +1 scale mail of fire resistance (worn)
Jewellery
 x - a +6 ring of strength (left hand)
 D - the ring of Zeniuriw {Ice rPois Int+6 Stlth-}
   (You found it on level 5 of the Dungeon)

   [ring of ice]

   It enhances your ice magic.
   Int:       It affects your intelligence (+6).
   rF:        It makes you vulnerable to fire.
   rC:        It protects you from cold.
   rPois:     It protects you from poison.
   Stlth:     It makes you less stealthy.
Wands
 i - a wand of flame (8)
 v - a wand of mindburst (8)
 w - a wand of polymorph (4)
 E - a wand of digging (5)
Scrolls
 d - a scroll of torment {unknown}
 e - 2 scrolls of noise {unknown}
 f - a scroll of fear {unknown}
 g - 6 scrolls of identify {unknown}
 j - 2 scrolls of amnesia {unknown}
 o - a scroll of poison {unknown}
 y - a scroll of fog {unknown}
 A - 3 scrolls of teleportation {unknown}
 C - a scroll of enchant weapon {unknown}
 G - a scroll of immolation {unknown}
 H - a scroll of enchant armour {unknown}
Potions
 c - a potion of mutation {unknown}
 h - 3 potions of degeneration {unknown}
 k - 2 potions of might {unknown}
 l - 2 potions of resistance {unknown}
 n - 2 potions of attraction {unknown}
 p - a potion of lignification {unknown}
 q - a potion of heal wounds {unknown}
 r - 2 potions of curing {unknown}
 s - 2 potions of brilliance {unknown}
 t - 2 potions of cancellation {unknown}
 u - a potion of flight {unknown}
 z - a potion of invisibility {unknown}
 B - 2 potions of haste {unknown}


   Skills:
 + Level 7.2 Fighting
 + Level 7.2 Maces & Flails
 + Level 9.2 Armour
 - Level 1.3 Dodging


You had 8 spell levels left.
You didn't know any spells.
Your spell library was empty.

Dungeon Overview and Level Annotations

Branches:
Dungeon (7/15)             Temple (0/1) D:4

Altars:
Cheibriados
Dithmenos
Trog

Shops:
D:1 (

Annotations:
D:7 Joseph


Innate Abilities, Weirdness & Mutations

You are completely covered in rugged brown scales. (AC +3, +7% HP)
Armour fits poorly on your strangely shaped body.
You have a long armoured tail.
You roll when moving toward enemies. (Rampage)
Your long tongue fully drains potion bottles. (2x potion effects)
Your tongue gives you trouble enunciating. (1.5x scroll delay)


Message History

The black bear is heavily wounded.
You closely miss the black bear.
The black bear is heavily wounded.
The black bear bites you but does no damage.
The black bear claws you but does no damage.
The black bear claws you.
You hit the black bear.
You feel better.
The black bear is severely wounded.
The black bear barely misses you. The black bear misses you.
The black bear claws you but does no damage.
You whack the black bear!
Your tail-slap misses the black bear.
The black bear is almost dead.
You hit the black bear.
You feel better.
You kill the black bear!
Trog accepts your kill.
You completely miss Joseph.
Joseph is moderately wounded.
You hit Joseph. You punch Joseph.
Joseph is moderately wounded.
Joseph unwields a +0 sling.
Joseph wields a +3 vorpal quarterstaff.
Joseph hits you with a +3 vorpal quarterstaff!
You hit Joseph.
Joseph is heavily wounded.
Joseph screams, "I'm going to kill you!
Now!"
Joseph barely misses you.
You hit Joseph.
You feel better.
Your tail-slap misses Joseph.
Joseph is heavily wounded.
You closely miss Joseph.
Joseph is heavily wounded.
Joseph hits you with a +3 vorpal quarterstaff!!
* * * LOW HITPOINT WARNING * * *
x2 You whack Joseph!
You feel better.
Your tail-slap misses Joseph.
Joseph is severely wounded.
Joseph hits you with a +3 vorpal quarterstaff!
* * * LOW HITPOINT WARNING * * *
x2
Okay, then.
A red film seems to cover your vision as you go berserk!
You feel yourself moving faster!
You feel mighty!
Joseph hits you with a +3 vorpal quarterstaff!
You die...

#.#### ..?..
#...# #...#
#...# #...#
########...####.
#...@@l.........
#..######.######
#. .# # .# .# ..
.l ..


You could see Joseph and an iguana.

Vanquished Creatures
  Grinder (D:5)
  Sigmund (D:2)
  An orc warrior (D:6)
  6 black bears
  5 ogres
  A necrophage (D:5)
  A scorpion (D:5)
  A gnoll sergeant (D:6)
  An electric eel (D:6)
  A jelly (D:5)
  4 orc priests
  3 hounds
  2 gnoll boudas
  3 iguanas
  10 orc wizards
  3 adders
  17 gnolls
  4 shadow imps
  A white imp (D:6)
  3 ufetubi
  2 worms
  A dart slug (D:4)
  15 orcs
  8 bats
  7 endoplasms
  2 giant cockroaches
  6 goblins
  4 hobgoblins
  8 jackals (D:5)
  13 kobolds
  6 quokkas
  9 ball pythons
  8 frilled lizards
  3 rats (D:1)
161 creatures vanquished.

Notes
Turn   | Place    | Note
-------+----------+-------------------------------------------
     0 | D:1      | Essalna the Armataur Berserker began the quest for the Orb.
     0 | D:1      | Reached XP level 1. HP: 19/19 MP: 1/1
    26 | D:1      | Found Reasiwea's Weapon Boutique.
    88 | D:1      | Reached XP level 2. HP: 7/26 MP: 2/2
   646 | D:1      | Reached skill level 3 in Armour
   811 | D:2      | Noticed Sigmund
   817 | D:2      | Killed Sigmund
   818 | D:2      | Reached skill level 4 in Armour
   818 | D:2      | Reached XP level 3. HP: 21/35 MP: 3/3
   818 | D:2      | Reached XP level 4. HP: 26/42 MP: 4/4
   818 | D:2      | Reached XP level 5. HP: 30/49 MP: 5/5
   992 | D:2      | Reached ** piety under Trog
  1864 | D:3      | You fall into a shaft and drop 3 floors!
  1916 | D:6      | Reached XP level 6. HP: 46/55 MP: 6/6
  2011 | D:6      | Reached skill level 5 in Armour
  2167 | D:6      | Reached *** piety under Trog
  2181 | D:5      | Entered Level 5 of the Dungeon
  2285 | D:5      | Reached XP level 7. HP: 37/64 MP: 7/7
  2420 | D:5      | Reached skill level 5 in Fighting
  2420 | D:5      | Reached skill level 5 in Maces & Flails
  2631 | D:4      | Reached skill level 6 in Armour
  2929 | D:4      | Found a staircase to the Ecumenical Temple.
  3096 | D:4      | Reached **** piety under Trog
  3300 | D:3      | Found a shadowy altar of Dithmenos.
  3300 | D:3      | Found a snail-covered altar of Cheibriados.
  3373 | D:3      | Upgraded the game from 0.30-a0-241-g1121274140 to
                  | 0.30-a0-243-gaa749bd8e4
  3772 | D:5      | Reached XP level 8. HP: 66/73 MP: 8/8
  3934 | D:5      | Reached skill level 7 in Armour
  4155 | D:5      | Identified the ring of Zeniuriw {Ice rPois Int+6 Stlth-}
  4191 | D:5      | Noticed Grinder
  4196 | D:5      | Paralysed by Grinder for 2 turns
  4202 | D:5      | Killed Grinder
  4421 | D:6      | Reached skill level 8 in Armour
  5062 | D:6      | Reached XP level 9. HP: 83/83 MP: 9/9
  5346 | D:6      | Found a bloodstained altar of Trog.
  5595 | D:6      | Reached skill level 9 in Armour
  6107 | D:7      | Noticed Joseph
  6131 | D:7      | Slain by Joseph

Illustrated notes

Levels and vault maps discovered:
D:1:      psy_arrival_dodecagon, layout_basic, serial_shops, shop_fountains
D:2:      layout_loops_ring, uniq_sigmund
D:3:      wander_river, layout_rooms, amethyst_overflow_temple_binary,
          minmay_pentangle
D:4:      layout_basic, minmay_temple_entry_arrows
D:5:      layout_gridville, uniq_grinder
D:6:      layout_gridville, trog_ov_bears_minmay,
          nicolae_concentric_dashed_squares_mild, lightli_minifort
D:7:      layout_loops_ring, serial_shops, nicolae_shop_crystal, uniq_joseph,
          uniq_crazy_yiuf_cottage, uniq_menkaure

Skill      XL: |  1  2  3  4  5  6  7  8  9 |
---------------+----------------------------+-----
Maces & Flails | 3 4 5 6 7 |  7.2
Fighting       | 3 4 5 6 7 |  7.2
Armour         | 4 5 6 8 9 |  9.2
Dodging        | |  1.3

Action                   |  1- 3 |  4- 6 |  7- 9 || total
-------------------------+-------+-------+-------++-------
Melee: Mace              |    78 |    21 |       ||    99
       Tailslap          |     6 |    13 |    52 ||    71
       Punch             |     1 |     1 |     3 ||     5
       Whip              |       |    71 |   339 ||   410
Invok: Berserk           |     1 |       |     1 ||     2
Armor: Animal skin       |    30 |       |       ||    30
       Chain mail        |    21 |    51 |   126 ||   198
       Scale mail        |       |       |    62 ||    62
Dodge: Dodged            |    50 |    19 |   135 ||   204

Table legend: (Time is in decaauts)
 A = Elapsed time spent in this place.
 B = Non-inter-level travel time spent in this place.
 C = Inter-level travel time spent in this place.
 D = Time resting spent in this place.
 E = Time spent auto-exploring this place.
 F = Levels seen in this place.
 G = Mean time per level.
                   A        B        C        D        E       F      G
               +--------+--------+--------+--------+--------+-----+--------+
         Total |   6114 |   5947 |    167 |    230 |   4647 |   7 |  873.4 |
       Dungeon |   6114 |   5947 |    167 |    230 |   4647 |   7 |  873.4 |
               +--------+--------+--------+--------+--------+-----+--------+

Top non-repeatable levels by time:
     D:6: 1880 daAuts
     D:5: 1083 daAuts
     D:2: 783 daAuts
     D:4: 781 daAuts
     D:1: 707 daAuts
     D:3: 608 daAuts
     D:7: 269 daAuts
